 Dungeon Crawl Stone Soup version 0.27-a0-1196-g3e9cee4cb2 (webtiles) character file.

Game seed: 16695140302861618105

35 ZappyNine the Sneak (level 3, 0/20 HPs)
             Began as a Tengu Enchanter on May 27, 2021.
             Hit by a boomerang thrown by an orc (5 damage)
             ... on level 2 of the Dungeon.
             The game lasted 00:01:37 (1512 turns).

ZappyNine the Sneak (Tengu Enchanter)               Turns: 1512, Time: 00:01:37

Health: 0/20       AC:  2    Str:  8    XL:     3   Next: 33%
Magic:  7/7        EV: 13    Int: 15    God:
Gold:   85         SH:  0    Dex: 21    Spells: 5/6 levels left

rFire    . . .     SeeInvis .   a - +1 dagger
rCold    . . .     Faith    .   (no shield)
rNeg     . . .     Spirit   .   b - +0 robe
rPois    .         Reflect  .   (helmet restricted)
rElec    .         Harm     .   (no cloak)
rCorr    .         Rampage  .   (no gloves)
Will     .....                  (boots unavailable)
Stlth    +++.......             (no amulet)
HPRegen  0.06/turn              c - +6 ring of dexterity
MPRegen  0.10/turn              (no ring)

@: no status effects
A: beak, talons 3
a: no special abilities


You were on level 2 of the Dungeon.
You visited 1 branch of the dungeon, and saw 2 of its levels.

You collected 85 gold pieces.

Inventory:

Hand Weapons
 a - a +1 dagger (weapon)
Armour
 b - a +0 robe (worn)
Jewellery
 c - a +6 ring of dexterity (left hand)
 g - a ring of fire
Scrolls
 d - a scroll of teleportation {unknown}
 h - 2 scrolls of enchant armour {unknown}
Potions
 f - a potion of degeneration {unknown}
 i - a potion of curing {unknown}


   Skills:
 - Level 1.4 Fighting
 - Level 1.1 Short Blades
 - Level 2.9 Dodging
 + Level 3.6 Stealth
 - Level 2.0 Spellcasting
 - Level 2.1 Hexes


You had 5 spell levels left.
You knew the following spells:

 Your Spells              Type           Power      Damage    Failure   Level
a - Corona                Hex            8%         N/A       9%          1

Your spell library contained the following spells:

 Spells                   Type           Power      Damage    Failure   Level
 Ensorcelled Hibernation  Hex/Ice        8%         N/A       22%         2
 Confusing Touch          Hex            8%         N/A       26%         3
 Tukima's Dance           Hex            8%         N/A       26%         3
 Dazzling Flash           Conj/Hex       8%         N/A       38%         3


Dungeon Overview and Level Annotations

Branches:
Dungeon (2/15)

Altars:

Shops:
D:2 (


Innate Abilities, Weirdness & Mutations

You have a beak for a mouth.
You have claws for feet.


Message History

An orc is nearby!
The orc barely misses you.
You hit the orc but do no damage. Your peck misses the orc. The orc misses you.
You closely miss the orc. You claw the orc.
The orc is almost dead.
The orc hits you with a +0 whip.
You hit the orc.
You kill the orc!
No target in view!
No target in view!
No target in view!
No target in view!
No target in view!
No target in view!
No target in view!
No target in view!
No target in view!
No target in view!
No target in view!
No target in view!
HP restored.
Things that are here:
a +0 whip; a +0 leather armour An orc comes into view.
It is wielding a +0 war axe.
An orc is nearby! 2 orcs and an orc priest come into view.
The orc shouts! x2
The orc priest picks up an amethyst potion.
The orc moves out of view.
Found 5 large rocks.
You hit the orc. Your peck misses the orc.
The orc is heavily wounded.
The orc priest invokes the aid of Beogh against you.
Beogh smites you!
Ouch! That really hurt!
* * * LOW HITPOINT WARNING * * *
Things that are here:
a +0 whip; a +0 leather armour The orc throws a boomerang.
The boomerang hits you.
You die...

#.# ######
#######.###.....
............#
....###.###.# #
#.#.........####.#
#####[###.....# #
...# #.#.#..#
#.######..## ..
#.oo.)@..##
#.o#####..# #..
#...# #.o #..#..
... ...#.#.^ ##(.
##.. . . #.. ##. .
... .


You could see an orc priest and 2 orcs.

Vanquished Creatures
  An adder (D:2)
  An orc (D:2)
  2 endoplasms (D:1)
  3 hobgoblins
  7 jackals
  A kobold (D:1)
  2 quokkas (D:1)
  2 bats
  A goblin (D:1)
20 creatures vanquished.

Notes
Turn   | Place    | Note
-------+----------+-------------------------------------------
     0 | D:1      | ZappyNine the Tengu Enchanter began the quest for the Orb.
     0 | D:1      | Reached XP level 1. HP: 10/10 MP: 4/4
   316 | D:1      | Reached skill level 1 in Fighting
   316 | D:1      | Reached XP level 2. HP: 15/16 MP: 6/6
  1081 | D:2      | Found Zifus's Antique Weapon Shop.
  1124 | D:2      | Reached XP level 3. HP: 13/20 MP: 7/7
  1512 | D:2      | Hit by a boomerang thrown by an orc

Illustrated notes

Levels and vault maps discovered:
D:1:      erik_arrival_blinker_ship, layout_loops_ring
D:2:      layout_loops_ring, serial_shops, shop

Skill      XL: |  1 |
---------------+----+-----
Fighting       | 1 |  1.4
Short Blades   | |  1.1
Dodging        | |  2.9
Stealth        | |  3.6
Spellcasting   | |  2.0
Hexes          | |  2.1

Action                   || total
-------------------------++-------
Melee: Dagger            ||    54
       Kick              ||    12
       Peck              ||     6
 Cast: Corona            ||     1
  Use: Potion            ||     1
 Stab: Sleeping          ||     6
       Invisible         ||     1
Armor: Robe              ||     2
Dodge: Dodged            ||    41

Table legend: (Time is in decaauts)
 A = Elapsed time spent in this place.
 B = Non-inter-level travel time spent in this place.
 C = Inter-level travel time spent in this place.
 D = Time resting spent in this place.
 E = Time spent auto-exploring this place.
 F = Levels seen in this place.
 G = Mean time per level.
                   A        B        C        D        E       F      G
               +--------+--------+--------+--------+--------+-----+--------+
         Total |   1508 |   1487 |     21 |    232 |   1105 |   2 |  754.0 |
       Dungeon |   1508 |   1487 |     21 |    232 |   1105 |   2 |  754.0 |
               +--------+--------+--------+--------+--------+-----+--------+

Top non-repeatable levels by time:
     D:1: 989 daAuts
     D:2: 518 daAuts
